 Dungeon Crawl Stone Soup version 0.28-a0-413-gde365fb1df (webtiles) character file.

Game seed: 4146701275511292830

1849 Jawa73 the Slasher (level 9, -6/69 HPs)
             Began as a Formicid Fighter on Sept 7, 2021.
             Mangled by a troll (15 damage)
             ... on level 7 of the Dungeon.
             The game lasted 00:22:28 (8181 turns).

Jawa73 the Slasher (Formicid Fighter)               Turns: 8181, Time: 00:22:28

Health: -6/69      AC:  9    Str: 23    XL:     9   Next: 34%
Magic:  9/9        EV:  8    Int:  9    God:
Gold:   139        SH:  5    Dex: 10    Spells: 8/8 levels left

rFire   . . .      SeeInvis +   a - +1 long sword
rCold   . . .      Faith    .   c - +0 buckler
rNeg    . . .      Spirit   .   u - +0 chain mail
rPois   .          Reflect  .   (helmet unavailable)
rElec   .          Harm     .   (no cloak)
rCorr   .          Rampage  .   o - +0 pair of gloves
Will    .....                   i - +0 pair of boots
Stlth   ..........              (no amulet)
HPRegen 0.21/turn               (no ring)
MPRegen 0.11/turn               (no ring)

@: no status effects
A: permanent stasis, dig shafts and tunnels, antennae 3, four strong arms,
deformed body
a: Dig, Shaft Self


You were on level 7 of the Dungeon.
You visited 1 branch of the dungeon, and saw 7 of its levels.

You collected 355 gold pieces.
You spent 216 gold pieces at shops.

Inventory:

Hand Weapons
 a - a +1 long sword (weapon)
 q - the +4 short sword "Ant's Curse" {drain, Str+3}
   (You bought it in a shop on level 2 of the Dungeon)

   A truly terrible weapon, it drains the life of any living foe it strikes.
   Str:       It affects your strength (+3).
Missiles
 f - 4 boomerangs of dispersal
 s - a throwing net
Armour
 c - a +0 buckler (worn)
 i - a +0 pair of boots (worn)
 o - a +0 pair of gloves (worn)
 t - a +0 leather armour of cold resistance
 u - a +0 chain mail (worn)
 w - the +4 plate armour of Dishonour {rF- Will+ rCorr Str+4}
   (You found it on level 7 of the Dungeon)

   Str:       It affects your strength (+4).
   rF:        It makes you vulnerable to fire.
   rCorr:     It protects you from acid and corrosion.
   Will:      It increases your willpower.
Wands
 r - a wand of iceblast (8)
Scrolls
 v - a scroll of identify
Potions
 d - 2 potions of might
 e - 2 potions of magic
 g - a potion of lignification {unknown}
 h - 6 potions of curing
 j - 3 potions of resistance
 k - a potion of mutation
 l - a potion of heal wounds
 m - 2 potions of attraction {unknown}
 n - a potion of berserk rage {unknown}
 p - a potion of flight {unknown}


   Skills:
 * Level 6.1 Fighting
 * Level 7.6 Long Blades
 * Level 7.3 Armour
 + Level 0.5 Stealth
 * Level 6.5 Shields


You had 8 spell levels left.
You didn't know any spells.
Your spell library contained the following spells:

 Spells                   Type           Power      Damage    Failure   Level
 Gell's Gravitas          Tloc           0%         N/A       100%        3
 Inner Flame              Hex/Fire       0%         N/A       100%        3
 Teleport Other           Tloc           0%         N/A       100%        3
 Cause Fear               Hex            0%         N/A       100%        4
 Dispersal                Tloc           0%         N/A       100%        6
 Discord                  Hex            0%         N/A       100%        8


Dungeon Overview and Level Annotations

Branches:
Dungeon (7/15)
 Temple: D:4-7

Altars:

Shops:
D:2 (   D:3 ?


Innate Abilities, Weirdness & Mutations

You cannot be hasted, slowed, berserked, paralysed or teleported.
You can dig through walls and to a lower floor.
You have a pair of large antennae on your head. (SInv)
Your four strong arms can wield two-handed weapons with a shield.
Armour fits poorly on your strangely shaped body.


Message History

You see here a +0 helmet.
You feel better. You block the troll's attack. The troll completely misses you.
The troll barely misses you.
It was a potion of mutation.
You feel extremely strange.
Your body twists and deforms.
The troll barely misses you. The troll closely misses you. The troll claws you.
* * * LOW HITPOINT WARNING * * *
It was a potion of heal wounds.
You feel much better. You block the troll's attack.
The troll closely misses you. The troll barely misses you.
You slash the troll!
The troll is lightly wounded.
The troll bites you! The troll claws you but does no damage.
You block the troll's attack.
You hit the troll.
The troll is moderately wounded.
The troll bites you! The troll completely misses you. x2
You slash the troll!
The troll is heavily wounded.
The troll barely misses you. The troll claws you.
* * * LOW HITPOINT WARNING * * *
The troll claws you but does no damage.
You slash the troll!
The troll is severely wounded.
The troll bites you but does no damage. The troll claws you.
* * * LOW HITPOINT WARNING * * *
The troll claws you.
* * * LOW HITPOINT WARNING * * *
You slash the troll!
The troll is almost dead.
The troll barely misses you. The troll closely misses you.
The troll barely misses you.
You hit the troll but do no damage.
The troll is almost dead.
You block the troll's attack. x2; The troll claws you.
* * * LOW HITPOINT WARNING * * *
You closely miss the troll.
The troll is almost dead.
The troll bites you!
You die...

#. #.....# #.# #..# #....
#..###.....# #.# #..# #.#..
...#....##.# #.# #..# #....
........##.###.###..# #....
....................# #....
.................####.###....
..........##.###...........).
....###..##.# #.####......[.
...##..####.##@###+####..##.#..
.........#.##T#.....##...#....
##+#..........##.#.....##.#.#.#..
......................##.#.#....
##.#..#.#...#.##.###'####.#...#..
...#..#.#...#.##.###.# #.##..#.#
##...................# .....>###
.....................# #.###.#
......#.#.###.#..##### #. .#


You could see a troll.

Vanquished Creatures
  A water moccasin (D:7)
  A sky beast (D:4)
  2 ogres
  2 centaurs (D:7)
  A phantom (D:6)
  A kobold brigand (D:6)
  A bullfrog (D:6)
  5 scorpions
  A wyvern zombie (D:5)
  A water moccasin zombie (D:4)
  A howler monkey (D:6)
  A bullfrog zombie (D:5)
  3 hounds (D:5)
  A jelly (D:6)
  2 centaur skeletons
  An orc priest (D:6)
  A gnoll shaman (D:7)
  2 iguanas
  5 orc wizards
  A killer bee zombie (D:6)
  4 gnolls (D:7)
  8 adders
  A white imp (D:5)
  3 dart slugs
  16 orcs
  6 endoplasms
  9 giant cockroaches
  A goblin (D:1)
  6 hobgoblins
  6 kobolds
  5 quokkas
  9 ball pythons
  4 bats (D:3)
  2 frilled lizards
  6 rats
120 creatures vanquished.

Notes
Turn   | Place    | Note
-------+----------+-------------------------------------------
     0 | D:1      | Jawa73 the Formicid Fighter began the quest for the Orb.
     0 | D:1      | Reached XP level 1. HP: 18/18 MP: 1/1
    33 | D:1      | You fall into a shaft and drop 1 floor!
    35 | D:2      | Found Ythy's Antique Weapon Shoppe.
   245 | D:2      | Reached XP level 2. HP: 14/24 MP: 2/2
   657 | D:1      | Reached XP level 3. HP: 19/30 MP: 3/3
  1109 | D:1      | Found a faded altar of an unknown god.
  1525 | D:2      | Reached XP level 4. HP: 36/37 MP: 4/4
  2019 | D:3      | Found Laosupta's Magic Scroll Shoppe.
  2156 | D:3      | Reached XP level 5. HP: 29/42 MP: 5/5
  2827 | D:4      | Noticed a sky beast
  2846 | D:4      | Killed a sky beast
  2847 | D:4      | Reached XP level 6. HP: 27/48 MP: 6/6
  3304 | D:4      | Noticed an ogre
  3320 | D:4      | Killed an ogre
  3321 | D:4      | Reached skill level 5 in Armour
  3822 | D:4      | Reached XP level 7. HP: 42/55 MP: 7/7
  3922 | D:5      | Entered Level 5 of the Dungeon
  3998 | D:5      | Reached skill level 5 in Shields
  4470 | D:5      | Reached skill level 5 in Long Blades
  4696 | D:5      | Reached XP level 8. HP: 61/61 MP: 8/8
  4813 | D:5      | Reached skill level 5 in Fighting
  5737 | D:2      | Bought a smouldering short sword for 160 gold pieces
  5737 | D:2      | Identified the +4 short sword "Ant's Curse" {drain, Str+3}
                  | (You bought it in a shop on level 2 of the Dungeon)
  5838 | D:3      | Bought a scroll of identify for 28 gold pieces
  5838 | D:3      | Bought a scroll of identify for 28 gold pieces
  7082 | D:7      | Reached XP level 9. HP: 38/68 MP: 9/9
  8090 | D:7      | Noticed a troll
  8107 | D:7      | Identified the +4 plate armour of Dishonour {rF- Will+
                  | rCorr Str+4}
  8173 | D:7      | Gained mutation: Armour fits poorly on your strangely
                  | shaped body. [potion of mutation]
  8181 | D:7      | Mangled by a troll

Illustrated notes

Levels and vault maps discovered:
D:1:      mainiacjoe_arrival_reflecting_pool, layout_loops_cross,
          shapermc_ecumenical_altar_mp_highgroup, minmay_tripent
D:2:      layout_basic, serial_shops, shop, minmay_crystal_water,
          kennysheep_generic_room_4
D:3:      layout_basic, serial_shops, shop, hex_intersection, dk_noncrumbling_3
D:4:      layout_loops_ring
D:5:      layout_layer_cave, gup_sewer_entry_bowl, roderic_roman_lattice
D:6:      layout_basic, hangedman_decor_peaks_small, minivault_5
D:7:      layout_basic, temple_green

Skill      XL: |  1  2  3  4  5  6  7  8  9 |
---------------+----------------------------+-----
Shields        | 4 5 6 |  6.5
Armour         | 4 5 6 7 |  7.3
Fighting       | 4 5 6 |  6.1
Long Blades    | 3 4 5 6 7 |  7.6
Stealth        | |  0.5

Action                   |  1- 3 |  4- 6 |  7- 9 || total
-------------------------+-------+-------+-------++-------
Melee: Long sword        |    82 |   133 |   333 ||   548
 Abil: Dig               |    24 |    25 |    19 ||    68
       Shaft Self        |     1 |       |       ||     1
  Use: Scroll            |     4 |     3 |     5 ||    12
       Potion            |       |       |     4 ||     4
Armor: Scale mail        |    33 |    89 |   121 ||   243
       Chain mail        |       |       |    61 ||    61
Dodge: Dodged            |    41 |    75 |   137 ||   253
Block: Buckler           |    12 |    28 |    88 ||   128

Table legend: (Time is in decaauts)
 A = Elapsed time spent in this place.
 B = Non-inter-level travel time spent in this place.
 C = Inter-level travel time spent in this place.
 D = Time resting spent in this place.
 E = Time spent auto-exploring this place.
 F = Levels seen in this place.
 G = Mean time per level.
                   A        B        C        D        E       F      G
               +--------+--------+--------+--------+--------+-----+--------+
         Total |   8346 |   7793 |    553 |    566 |   4814 |   7 | 1192.3 |
       Dungeon |   8346 |   7793 |    553 |    566 |   4814 |   7 | 1192.3 |
               +--------+--------+--------+--------+--------+-----+--------+

Top non-repeatable levels by time:
     D:5: 1707 daAuts
     D:4: 1366 daAuts
     D:6: 1257 daAuts
     D:7: 1136 daAuts
     D:1: 1077 daAuts
     D:2: 992 daAuts
     D:3: 807 daAuts
